 Dungeon Crawl Stone Soup version 0.25-a0-632-g7713895373 (webtiles) character file.

Game seed: 103751039294642045, levelgen mode: classic

48 EnegeticOcto the Ducker (level 3, -5/26 HPs)
             Began as an Octopode Fighter on Mar 19, 2020.
             Slain by a gnoll
             ... wielding a +0 spear
              (8 damage)
             ... on level 2 of the Dungeon.
             The game lasted 00:00:29 (1383 turns).

EnegeticOcto the Ducker (Octopode Fighter)          Turns: 1383, Time: 00:00:29

Health: -5/26      AC:  1    Str: 15    XL:     3   Next: 72%
Magic:  3/3        EV: 12    Int: 10    God:
Gold:   72         SH:  8    Dex: 12    Spells: 2/2 levels left

rFire    . . .     SeeInvis .   a - +0 long sword
rCold    . . .     Gourm    .   b - +0 kite shield
rNeg     . . .     Faith    .   (helmet restricted)
rPois    .         Spirit   .   (no amulet)
rElec    .         Reflect  .   (no ring)
rCorr    .         Harm     .   (no ring)
MR       .....                  (no ring)
Stlth    ++........             (no ring)
HPRegen  0.08/turn              (no ring)
MPRegen  0.08/turn              (no ring)
                                (no ring)
                                (no ring)

@: no status effects
A: almost no armour, stealthy swim, amphibious, 8 rings, constrict 8, camouflage
1, gelatinous body 1
a: no special abilities


You were on level 2 of the Dungeon.
You were not hungry.

You visited 1 branch of the dungeon, and saw 2 of its levels.

You collected 72 gold pieces.

Inventory:

Hand Weapons
 a - a +0 long sword (weapon)
Armour
 b - a +0 kite shield (worn)
Scrolls
 c - 2 scrolls of immolation {unknown}
 h - a scroll of remove curse {unknown}
 i - 2 scrolls of amnesia {unknown}
 j - 2 scrolls of blinking {unknown}
 l - a scroll of magic mapping {unknown}
Potions
 d - a potion of curing {unknown}
 f - a potion of cancellation {unknown}
 k - 2 potions of might {@q3}
 m - a potion of flight {unknown}
Comestibles
 e - 2 rations
 g - 3 chunks of flesh


   Skills:
 + Level 3.3 Fighting
 * Level 2.9 Long Blades
 + Level 3.3 Dodging
 + Level 3.3 Shields


You had 2 spell levels left.
You didn't know any spells.
Your spell library was empty.

Dungeon Overview and Level Annotations

Branches:
Dungeon (2/15)

Altars:


Innate Abilities, Weirdness & Mutations

You cannot wear most types of armour.
You are very stealthy in the water. (Stealth+)
You are amphibious.
You can wear up to eight rings at the same time.
You can use your tentacles to constrict eight enemies at once.
Your skin changes colour to match your surroundings (Stealth+).
Your rubbery body absorbs attacks. (AC +1, EV +1)


Message History

Found a stone staircase leading down.
m - a sedimented green potion No target in view!
A bat comes into view.
The bat hits you but does no damage. The bat barely misses you.
Your shield prevents you from hitting the bat.
Your grab misses the bat. The bat closely misses you.
You riposte.
You hit the bat.
You kill the bat!
No target in view!
No target in view!
No target in view!
No target in view!
No target in view!
No target in view!
You butcher the bat corpse.
g - 5 chunks of flesh (gained 1)
You see here a bat skeleton. x2
You now have 72 gold pieces (gained 5).
The frilled lizard hisses angrily.
An adder comes into view.
An adder is nearby!
An adder is nearby!
The helpless adder fails to defend itself.
You slash the adder! Your grab misses the adder.
The adder is almost dead.
You block the adder's attack. The adder closely misses you.
You riposte.
You closely miss the adder. You grab the adder.
The adder is almost dead.
You hit the adder.
You kill the adder!
You have reached level 3!
Your experience leads to an increase in your attributes!
Increase (S)trength, (I)ntelligence, or (D)exterity?
You feel agile.
Found 17 arrows.
Found a stone staircase leading down.
You see here 17 arrows.
You see here 17 arrows.
Some of the chunks of flesh in your inventory have rotted away.
Found an escape hatch in the floor.
There is an escape hatch in the floor here.
A gnoll comes into view. It is wielding a +0 spear.
A gnoll is nearby!
A gnoll is nearby!
A gnoll is nearby!
A gnoll is nearby!
A gnoll is nearby!
A gnoll is nearby!
A gnoll is nearby!
A gnoll is nearby!
A gnoll is nearby! 2 gnolls come into view.
The gnoll shouts!
You hear a shout!
A gnoll comes into view. It is wielding a +0 whip.
The gnoll shouts! x2
Found 4 gold pieces and 11 stones.
The gnoll misses you.
You hit the gnoll. Your grab misses the gnoll.
The gnoll is lightly wounded.
The gnoll barely misses you. The gnoll hits you.
A hobgoblin comes into view. It is wielding a +0 club.
You block the gnoll's attack.
You hit the gnoll. You grab the gnoll.
The gnoll is heavily wounded.
You constrict the gnoll. The gnoll closely misses you.
You block the gnoll's attack.
The gnoll hits you with a cursed -2 whip.
The gnoll barely misses you.
You riposte.
You hit the gnoll but do no damage. You grab the gnoll.
The gnoll barely misses you.
You riposte.
You hit the gnoll.
The gnoll is almost dead.
The gnoll hits you from afar with a +0 spear.
You hit the gnoll.
You kill the gnoll!
You constrict the gnoll.
The gnoll hits you with a cursed -2 whip.
The gnoll barely misses you.
You riposte.
You hit the gnoll.
The gnoll is severely wounded.
You block the gnoll's attack.
You are too injured to fight recklessly!
You are too injured to fight recklessly!
You are too injured to fight recklessly!
You are too injured to fight recklessly!
You release your grip on the gnoll.
The gnoll barely misses you.
You barely miss the gnoll. You grab the gnoll. You constrict the gnoll.
The gnoll misses you.
You riposte.
You hit the gnoll.
The gnoll is heavily wounded.
You hit the gnoll.
You squeeze the gnoll, but do no damage.
The gnoll is almost dead.
You constrict the gnoll.
You kill the gnoll!
The gnoll hits you from afar with a +0 spear.
The gnoll barely misses you. The gnoll hits you with a +0 spear.
* * * LOW HITPOINT WARNING * * *
You barely miss the gnoll. Your grab misses the gnoll.
The gnoll hits you with a +0 spear!
You die...

s#....# #.#####
#....# # #....#
# #...g# ####
#....# #.##
#..g.#
#.####.##
#....# ###
#(.....##
###....#####.#
######...
........ggg@..#
####.##
....#########.#
##....# .#.#.
#.## #..##<#
$.... #..#
#.###.# (#.#
##>######.###.#
#..##.....##.#
##..#.....##.#
##.#.....#..#
#.#.......##


You could see 2 gnolls and a hobgoblin.

Vanquished Creatures
  2 gnolls (D:2)
  An adder (D:2)
  A dart slug (D:2)
  2 leopard geckos (D:1)
  A ball python (D:1)
  A bat (D:2)
  A giant cockroach (D:1)
  A goblin (D:2)
  2 hobgoblins
  3 kobolds (D:1)
  A rat (D:2)
  A plant (D:1)
17 creatures vanquished.

Notes
Turn   | Place    | Note
-------+----------+-------------------------------------------
     0 | D:1      | EnegeticOcto the Octopode Fighter began the quest for the
                  | Orb.
     0 | D:1      | Reached XP level 1. HP: 16/16 MP: 1/1
   269 | D:1      | Reached XP level 2. HP: 20/21 MP: 2/2
  1318 | D:2      | Reached XP level 3. HP: 26/26 MP: 3/3
  1383 | D:2      | Slain by a gnoll

Levels and vault maps discovered:
D:1:      minmay_arrival_radiant_lines, layout_basic, serial_bayou_lagoon_a,
          minmay_door_square, corexii_corridor_pit, minmay_tetromino_t4
D:2:      layout_rooms, serial_co_window_serial, co_window_of_opportunity_a,
          co_window_cross_1, co_window_of_opportunity_a, co_window_paths_b,
          co_window_of_opportunity_a, co_window_2corner, co_window_cross_4,
          co_window_corner_b, co_window_unsneaky_path_c, co_window_sun,
          glass_columns_b, uniq_sigmund

Action                   || total
-------------------------++-------
Melee: Long sword        ||    32
       Constrict         ||    13
       Tentacles         ||     9
 Stab: Sleeping          ||     5
  Eat: Chunk             ||     1
Armor: Skin              ||     1
Dodge: Dodged            ||    19
Block: Kite shield       ||    12
       Rpst.: Long sword ||     7

Table legend:
 A = Non-vault XP
 B = Vault XP
 C = Vault XP percentage of total XP
 D = Non-vault monster count
 E = Vault monster count
 F = Vault count percentage of total count
                 A         B        C        D         E       F
            +---------+---------+-------+---------+---------+-------
      Total |      65 |       4 |   5.8 |      14 |       2 |  12.5
            +---------+---------+-------+---------+---------+-------
        D:1 |      13 |       4 |  23.5 |       6 |       2 |  25.0
        D:2 |      52 |       0 |   0.0 |       8 |       0 |   0.0
            +---------+---------+-------+---------+---------+-------
